 Dungeon Sprint DCSS version 0.19-a0-1493-gd0fcaa6 (webtiles) character file.

14100000 Leszczynek the Conqueror (level 27, -1/323 HPs)
             Began as an Ogre Hunter on Sept 9, 2016.
             Was the Champion of Makhleb.
             Killed by divine providence
             ... invoked by an accursed
              (11 damage)
             ... in the Dungeon (Sprint VIII: "Arena of Blood").
             The game lasted 00:09:19 (141 turns).

Leszczynek the Conqueror (Ogre Hunter)               Turns: 141, Time: 00:09:20

Health: -1/323     AC:  5    Str: 25    XL:     27
Magic:  40/54      EV: 32    Int: 10    God:    Makhleb [******]
Gold:   0          SH:  0    Dex: 19    Spells: 0 memorised, 80 levels left

rFire  . . .     SeeInvis .     l - +∞ Axe of Woe
rCold  . . .     Gourm    .     b - +0 robe
rNeg   . . .     Faith    .     (shield currently unavailable)
rPois  .         Spirit   .     (helmet restricted)
rElec  .         Dismiss  .     (no cloak)
rCorr  .         Reflect  .     (gloves unavailable)
MR     ++...     Harm     .     (boots unavailable)
Stlth  +++++++... NoTele   +    (no amulet)
                                g - +100 ring of slaying
                                m - +30 ring of slaying

@: lethally poisoned (-1 -> -3), very slightly contaminated, slowed, very slow
A: unfitting armour, tough skin 1
a: Minor Destruction, Lesser Servant of Makhleb, Major Destruction, Greater
Servant of Makhleb, Renounce Religion


You were in the Dungeon.
You worshipped Makhleb.
Makhleb was exalted by your worship.
You were not hungry.

You visited 1 branch

Inventory:

Hand Weapons
 a - a +0 short sword
 l - the +∞ Axe of Woe (weapon)
   (You found it in the Dungeon)
Missiles
 c - 2 large rocks (quivered)
 d - 2 throwing nets
Armour
 b - a +0 robe (worn)
Jewellery
 g - a +100 ring of slaying (right hand)
 m - a +30 ring of slaying (left hand)
Potions
 e - a potion of curing
 i - 2 potions of magic
 j - a potion of berserk rage
Comestibles
 f - a bread ration


   Skills:
 O Level 27 Fighting
 O Level 27 Short Blades
 O Level 27 Axes
 O Level 27 Throwing
 O Level 27 Armour
 O Level 27 Dodging
 O Level 27 Stealth
 O Level 27 Unarmed Combat
 O Level 27 Spellcasting
 O Level 27 Invocations


You had 80 spell levels left.
You didn't know any spells.

Dungeon Overview and Level Annotations

Branches:
Dungeon (1/1)

Altars:
Makhleb

Annotations:
D The Defiler


Innate Abilities, Weirdness & Mutations

You are too large for most types of armour.
You have tough skin. (AC +1)


Message History

The fleshlord convulses!
The bag of meat convulses!
Your body is wracked with pain!
* * * LOW HITPOINT WARNING * * *
You hear an angry squeal.
You hear an angry hiss.
You hear a shout!
A bag of meat comes into view. It is wielding a +9 war axe.
The bag of meat shouts!
A hell knight, a vampire knight and a lich come into view.
The destroyer is wielding a +9 great sword of slicing.
Okay, then.
Blink to where?
Press: ? - help, Dir - move target cursor
As you read the scroll of blinking, it crumbles to dust. 2 orcs, an ogre and a lich come into view.
You feel sick.
The meat berserker shouts!
The bag of meat shouts!
You hear a shout! x2
The meat berserker rages.
You hear a shout! x5
The accursed gestures at you while chanting.
Something smites you!
You die...

.........####..
.............o.
....................
.....D..............
...................
#..O....#.......... ..
#o......#..........
..%###... ..%###@%......
........###po...........
#....%).)M)§)..V.......L
.....#))M2O#..pW...#.#.
... #_)<)_#.......O... .
#%))..#..D.o.#.#.#
#....%V2(_......p...o. .
§......@###.........#.#
...###%L. ...###. .


You could see 2 accurseds, a meat beast, a tyrant (wandering), an eight-headed
meat hydra, a destroyer, 3 fleshlords, a dread, 2 meat berserkers and 4 bags of
meat.

Vanquished Creatures
  4 hell knights (D)
  7 hell beasts (D)
  4 greater mummies (D)
  8 great orbs of eyes (D)
  3 wraiths (D)
  15 vampire knights (D)
  38 ogres (D)
  5 liches (D)
  4 hydras (D)
  43 orcs (D)
  5 phantoms (D)
  6 hill giants (D)
  3 sea snakes (D)
145 creatures vanquished.

Vanquished Creatures (others)
  A hydra (D)
1 creature vanquished.

Grand Total: 146 creatures vanquished

Notes
Turn   | Place    | Note
-------+----------+-------------------------------------------
     0 | D        | Leszczynek the Ogre Hunter began the quest for the Orb.
     0 | D        | Reached XP level 1. HP: 22/22 MP: 1/1
     3 | D        | Noticed a bag of meat
     4 | D        | Became a worshipper of Makhleb the Destroyer
     9 | D        | Noticed a bag of meat
    11 | D        | Noticed a meat berserker
    12 | D        | Killed a bag of meat
    12 | D        | Reached skill level 27 in Fighting
    12 | D        | Reached skill level 13 in Axes
    12 | D        | Reached XP level 2. HP: 81/81 MP: 2/2
    12 | D        | Reached XP level 3. HP: 91/91 MP: 3/3
    12 | D        | Reached XP level 4. HP: 101/101 MP: 4/4
    12 | D        | Reached XP level 5. HP: 110/110 MP: 5/5
    12 | D        | Reached XP level 6. HP: 120/120 MP: 6/6
    12 | D        | Reached XP level 7. HP: 130/130 MP: 7/7
    12 | D        | Reached XP level 8. HP: 140/140 MP: 8/8
    12 | D        | Reached XP level 9. HP: 149/149 MP: 9/9
    12 | D        | Reached XP level 10. HP: 159/159 MP: 10/10
    12 | D        | Reached XP level 11. HP: 169/169 MP: 11/11
    12 | D        | Reached XP level 12. HP: 179/179 MP: 12/12
    14 | D        | Killed a meat berserker
    14 | D        | Reached * piety under Makhleb
    14 | D        | Reached skill level 21 in Axes
    14 | D        | Reached XP level 13. HP: 118/188 MP: 13/13
    14 | D        | Reached XP level 14. HP: 125/198 MP: 14/14
    15 | D        | Noticed a bag of meat
    17 | D        | Noticed a meat berserker
    17 | D        | Noticed a meat berserker
    18 | D        | Killed a meat berserker
    18 | D        | Reached skill level 18 in Dodging
    18 | D        | Reached XP level 15. HP: 60/206 MP: 15/15
    20 | D        | Noticed a meat berserker
    20 | D        | Reached skill level 15 in Invocations
    21 | D        | Noticed a destroyer
    21 | D        | Killed a meat berserker
    21 | D        | Reached ** piety under Makhleb
    21 | D        | Reached skill level 24 in Invocations
    21 | D        | Reached XP level 16. HP: 65/217 MP: 15/32
    23 | D        | Noticed a meat berserker
    23 | D        | Noticed a destroyer
    25 | D        | Killed a meat berserker
    25 | D        | Reached skill level 27 in Invocations
    25 | D        | Reached skill level 22 in Dodging
    25 | D        | Reached XP level 17. HP: 131/226 MP: 15/34
    26 | D        | Killed a destroyer
    26 | D        | Reached skill level 27 in Dodging
    26 | D        | Reached skill level 22 in Axes
    27 | D        | Reached *** piety under Makhleb
    27 | D        | Reached skill level 23 in Axes
    27 | D        | Reached XP level 18. HP: 236/236 MP: 16/35
    28 | D        | Killed a meat berserker
    28 | D        | Reached skill level 26 in Axes
    28 | D        | Reached skill level 27 in Axes
    28 | D        | Reached skill level 11 in Armour
    28 | D        | Reached XP level 19. HP: 245/245 MP: 16/36
    29 | D        | Reached **** piety under Makhleb
    29 | D        | Reached skill level 16 in Armour
    30 | D        | Noticed a large bag of meat
    30 | D        | Killed a destroyer
    30 | D        | Reached skill level 23 in Armour
    31 | D        | Noticed an eight-headed meat hydra
    31 | D        | Noticed a destroyer
    31 | D        | Reached skill level 25 in Armour
    31 | D        | Reached XP level 20. HP: 256/256 MP: 16/37
    32 | D        | Noticed a destroyer
    33 | D        | Noticed a destroyer
    33 | D        | Killed a large bag of meat
    33 | D        | Reached ***** piety under Makhleb
    33 | D        | Reached skill level 26 in Armour
    33 | D        | Reached skill level 27 in Armour
    33 | D        | Reached skill level 13 in Throwing
    35 | D        | Noticed a large bag of meat
    35 | D        | Reached skill level 18 in Throwing
    35 | D        | Killed a destroyer
    35 | D        | Reached skill level 26 in Throwing
    35 | D        | Reached XP level 21. HP: 265/265 MP: 17/38
    35 | D        | Killed a destroyer
    35 | D        | Reached skill level 27 in Throwing
    35 | D        | Reached skill level 12 in Stealth
    35 | D        | Reached skill level 12 in Unarmed Combat
    35 | D        | Reached skill level 14 in Spellcasting
    36 | D        | Reached skill level 14 in Stealth
    36 | D        | Reached skill level 14 in Unarmed Combat
    36 | D        | Reached skill level 16 in Spellcasting
    37 | D        | Reached skill level 15 in Stealth
    37 | D        | Reached skill level 15 in Unarmed Combat
    37 | D        | Reached skill level 18 in Spellcasting
    38 | D        | Noticed a meat berserker
    38 | D        | Reached ****** piety under Makhleb
    38 | D        | Reached skill level 17 in Stealth
    38 | D        | Reached skill level 17 in Unarmed Combat
    38 | D        | Reached skill level 19 in Spellcasting
    38 | D        | Reached XP level 22. HP: 275/275 MP: 17/45
    39 | D        | Killed a destroyer
    39 | D        | Reached skill level 20 in Stealth
    39 | D        | Reached skill level 20 in Unarmed Combat
    39 | D        | Reached skill level 23 in Spellcasting
    41 | D        | Reached skill level 21 in Stealth
    41 | D        | Reached skill level 21 in Unarmed Combat
    41 | D        | Reached skill level 24 in Spellcasting
    42 | D        | Noticed a destroyer
    46 | D        | Reached skill level 22 in Stealth
    46 | D        | Reached skill level 22 in Unarmed Combat
    46 | D        | Reached skill level 25 in Spellcasting
    46 | D        | Reached skill level 23 in Stealth
    46 | D        | Reached skill level 23 in Unarmed Combat
    46 | D        | Reached skill level 26 in Spellcasting
    46 | D        | Reached XP level 23. HP: 250/284 MP: 19/53
    46 | D        | Killed a destroyer
    46 | D        | Reached skill level 26 in Stealth
    46 | D        | Reached skill level 26 in Unarmed Combat
    46 | D        | Reached skill level 27 in Spellcasting
    48 | D        | Noticed an accursed
    51 | D        | Reached skill level 27 in Stealth
    51 | D        | Reached skill level 27 in Unarmed Combat
    51 | D        | Reached skill level 12 in Short Blades
    51 | D        | Reached skill level 13 in Short Blades
    54 | D        | Noticed a tyrant
    54 | D        | Killed an accursed
    54 | D        | Reached skill level 23 in Short Blades
    54 | D        | Reached XP level 24. HP: 57/295 MP: 20/54
    58 | D        | Reached skill level 26 in Short Blades
    60 | D        | Reached XP level 25. HP: 249/304 MP: 22/54
    60 | D        | Reached skill level 27 in Short Blades
    62 | D        | Noticed a destroyer
    65 | D        | Killed a destroyer
    67 | D        | Noticed a meat beast
    67 | D        | Noticed a destroyer
    67 | D        | Noticed a destroyer
    67 | D        | Noticed a tyrant
    67 | D        | Noticed a meat beast
    69 | D        | Reached XP level 26. HP: 256/314 MP: 23/54
    70 | D        | Noticed an accursed
    73 | D        | Killed a meat beast
    73 | D        | Reached XP level 27. HP: 323/323 MP: 24/54
    75 | D        | Noticed a destroyer
    78 | D        | Noticed a meat beast
    79 | D        | Noticed an accursed
    80 | D        | Killed a tyrant
    80 | D        | Killed a meat beast
    82 | D        | Noticed a meat beast
    84 | D        | Noticed a destroyer
    84 | D        | Noticed a destroyer
    84 | D        | Killed a meat beast
    85 | D        | Killed a meat beast
    85 | D        | Killed a destroyer
    86 | D        | Killed a destroyer
    89 | D        | Killed a destroyer
    91 | D        | Noticed a meat beast
    91 | D        | Killed a destroyer
    92 | D        | Killed a tyrant
    95 | D        | Killed an accursed
    95 | D        | Killed a meat beast
    96 | D        | Noticed a meat beast
    96 | D        | Killed a destroyer
    97 | D        | HP: 9/323 [large bag of meat/exploding inner flame (52)]
    98 | D        | Killed an accursed
    98 | D        | Killed a meat beast
   103 | D        | Noticed a tyrant
   106 | D        | Noticed a tyrant
   107 | D        | Noticed a dread
   107 | D        | Noticed a dread
   109 | D        | Killed a tyrant
   109 | D        | Killed a tyrant
   112 | D        | Noticed an accursed
   112 | D        | Noticed a tyrant
   113 | D        | Killed a dread
   115 | D        | Noticed a dread
   117 | D        | Noticed a destroyer
   119 | D        | Noticed a destroyer
   120 | D        | HP: 24/323 [??? (21)]
   121 | D        | Killed a dread
   121 | D        | Noticed a fleshlord
   124 | D        | Killed a fleshlord
   125 | D        | Killed a tyrant
   127 | D        | Noticed a fleshlord
   127 | D        | Killed a dread
   128 | D        | Killed a destroyer
   130 | D        | Noticed a destroyer
   130 | D        | Noticed a fleshlord
   132 | D        | Noticed a fleshlord
   133 | D        | Noticed a fleshlord
   133 | D        | Noticed a meat beast
   133 | D        | Killed an accursed
   133 | D        | Killed a destroyer
   134 | D        | Noticed an accursed
   134 | D        | Noticed a fleshlord
   134 | D        | Killed a fleshlord
   135 | D        | Noticed an accursed
   135 | D        | Killed a fleshlord
   136 | D        | Noticed The Defiler
   136 | D        | Killed a destroyer
   138 | D        | Noticed a dread
   138 | D        | Killed a meat beast
   139 | D        | HP: 13/323 [The Defiler/fireball (79)]
   139 | D        | Noticed a meat beast
   140 | D        | Noticed a destroyer
   140 | D        | Killed a fleshlord
   141 | D        | Noticed a tyrant
   141 | D        | Noticed a destroyer
   141 | D        | Noticed a fleshlord
   141 | D        | Noticed a tyrant
   141 | D        | Killed from afar by an accursed

Vault maps used:
D:        meatsprint

Skill      XL: |  1  2  3  4  5  6  7  8  9 10 11 12 13 14 15 16 17 18 19 20 21 22 23 24 25 |
---------------+----------------------------------------------------------------------------+-----
Fighting       | 27 | 27.0
Axes           | 13 21 23 27 | 27.0
Dodging        | 18 22 27 | 27.0
Invocations    | 24 27 | 27.0
Armour         | 11 25 27 | 27.0
Throwing       | 26 27 | 27.0
Stealth        | 17 23 27 | 27.0
Unarmed Combat | 17 23 27 | 27.0
Spellcasting   | 19 26 27 | 27.0
Short Blades   | 23 26 27 | 27.0

Action                   |  1- 3 |  4- 6 |  7- 9 | 10-12 | 13-15 | 16-18 | 19-21 | 22-24 | 25-27 || total
-------------------------+-------+-------+-------+-------+-------+-------+-------+-------+-------++-------
Melee: Executioner's axe |     1 |       |       |     1 |     3 |     4 |     8 |     9 |    62 ||    88
Throw: Large rock        |       |       |       |       |       |       |       |     2 |     1 ||     3
  Use: Potion            |       |       |       |       |       |     2 |       |       |       ||     2
       Scroll            |       |       |       |       |       |       |       |       |     1 ||     1
Armor: Robe              |       |       |       |       |       |       |       |       |     2 ||     2
Dodge: Dodged            |       |       |       |       |       |       |       |     1 |     5 ||     6
